 Dungeon Crawl Stone Soup version 0.26-a0-665-gefeb406119 (webtiles) character file.

Game seed: 9261002120318536705

57901 Birvald the Geomancer (level 14, -6/86 HPs)
             Began as a Gargoyle Earth Elementalist on Oct 15, 2020.
             Was an Elder of Vehumet.
             Mangled by a seven-headed hydra (12 damage)
             ... on level 6 of the Lair of Beasts.
             The game lasted 00:50:16 (27155 turns).

Birvald the Geomancer (GrEE)                       Turns: 27155, Time: 00:50:16

Health: -6/86      AC: 19    Str: 15    XL:     14   Next: 88%
Magic:  37/37      EV: 15    Int: 24    God:    Vehumet [****..]
Gold:   993        SH:  0    Dex: 10    Spells: 7/33 levels left

rFire    + . .     SeeInvis +     - Unarmed
rCold    . . .     Faith    .   (no shield)
rNeg     + . .     Spirit   .   e - +1 robe {rF+}
rPois    ∞         Reflect  .   l - +2 helmet
rElec    +         Harm     .   a - +0 cloak "Dusaw" {rCorr Str+4}
rCorr    +         Rampage  .   z - +1 pair of gloves
MR       +....                  (no boots)
Stlth    ++........             f - amulet of magic regeneration
HPRegen  0.24/turn              r - ring of see invisible
MPRegen  0.50/turn              G - ring of magical power

@: about to teleport, marked, flying
A: big wings, clever 1, deformed body, negative energy resistance 1, electricity
resistance, unbreathing, petrification resistance, rot immunity, AC +10
a: Stop Flying, Renounce Religion


You were on level 6 of the Lair of Beasts.
You worshipped Vehumet.
Vehumet was greatly pleased with you.
You visited 3 branches of the dungeon, and saw 21 of its levels.

You collected 1643 gold pieces.
You spent 650 gold pieces at shops.

Inventory:

Hand Weapons
 k - a +0 morningstar
 o - a +5 whip of electrocution
Missiles
 b - 448 stones (quivered)
 u - 4 throwing nets
Armour
 a - the +0 cloak "Dusaw" (worn) {rCorr Str+4}
   (You found it on level 5 of the Dungeon)

   It affects your strength (+4).
   It provides partial protection from all sources of acid and corrosion.
 e - a +1 robe of fire resistance (worn)
 l - a +2 helmet (worn)
 s - a +1 cloak
 t - the +0 robe of Forhoggu {rC++ MR+}
   (You found it on level 4 of the Lair of Beasts)

   It greatly protects you from cold.
   It affects your resistance to hostile enchantments.
 z - a +1 pair of gloves (worn)
Magical Staves
 J - an uncursed staff of fire
Jewellery
 f - an amulet of magic regeneration (around neck)
 g - an uncursed ring of ice
 r - a ring of see invisible (left hand)
 A - a +4 ring of evasion
 G - a ring of magical power (right hand)
Wands
 i - a wand of flame (52)
 q - a wand of digging (16)
 w - a wand of paralysis (3)
 D - a wand of iceblast (23)
 L - a wand of disintegration (14)
Scrolls
 h - 3 scrolls of teleportation
 m - 2 scrolls of amnesia
 p - 8 scrolls of remove curse
 y - 2 scrolls of immolation
 B - a scroll of fog
 E - 2 scrolls of magic mapping
 N - a scroll of identify
Potions
 c - a potion of berserk rage
 d - a potion of curing
 j - 2 potions of stabbing
 n - 2 potions of brilliance
 v - 3 potions of magic
 C - a potion of ambrosia
 F - 2 potions of invisibility
 H - 3 potions of flight
 I - a potion of haste
 K - a potion of resistance
 M - 2 potions of heal wounds
Miscellaneous
 x - a condenser vane (1/2)


   Skills:
 + Level 9.0 Fighting
 + Level 0.2 Maces & Flails
 - Level 6.0 Armour
 + Level 6.8 Dodging
 - Level 2.1 Stealth
 - Level 8.0 Unarmed Combat
 + Level 10.1 Spellcasting
 + Level 11.1 Conjurations
 - Level 0.7 Transmutations
 * Level 8.0 Fire Magic
 + Level 13.0 Earth Magic
 + Level 7.0 Evocations


You had 7 spell levels left.
You knew the following spells:

 Your Spells              Type           Power        Failure   Level
a - Sandblast             Erth           ######       1%          1
b - Stone Arrow           Conj/Erth      ######       1%          3
c - Lee's Rapid Deconstr  Erth           ######....   1%          5
d - Fireball              Conj/Fire      ######....   1%          5
e - Irradiate             Conj/Tmut      #####.....   3%          5
f - Orb of Destruction    Conj           ######....   13%         7

Your spell library contained the following spells:

 Spells                   Type           Power        Failure   Level
 Shock                    Conj/Air       ####         1%          1
 Passwall                 Tmut/Erth      #####...     1%          2
 Conjure Flame            Conj/Fire      ######..     1%          3
 Dazzling Flash           Conj/Hex       #####.       1%          3
 Ignite Poison            Fire/Tmut/Pois ####....     1%          3
 Inner Flame              Hex/Fire       ####....     1%          3
 Mephitic Cloud           Conj/Pois/Air  ####....     1%          3
 Static Discharge         Conj/Air       #####...     1%          3
 Leda's Liquefaction      Hex/Erth       #####.....   3%          4
 Petrify                  Tmut/Erth      #####...     3%          4
 Sting                    Tmut/Pois      ##..         4%          1
 Lightning Bolt           Conj/Air       #####.....   4%          5
 Starburst                Conj/Fire      ######....   4%          6
 Animate Skeleton         Necr           ##....       5%          1
 Apportation              Tloc           ##....       5%          1
 Corona                   Hex            ##.....      5%          1
 Summon Small Mammal      Summ           ##..         5%          1
 Ensorcelled Hibernation  Hex/Ice        ##....       8%          2
 Poisonous Vapours        Pois/Air       ##....       8%          2
 Slow                     Hex            ##......     8%          2
 Swiftness                Air            ##......     8%          2
 Airstrike                Air            ##........   13%         4
 Olgreb's Toxic Radiance  Pois           ##......     13%         4
 Confusing Touch          Hex            ##......     16%         3
 Lesser Beckoning         Tloc           ##........   16%         3
 Portal Projectile        Hex/Tloc       ##....       16%         3
 Tukima's Dance           Hex            ##......     16%         3
 Freezing Cloud           Conj/Ice/Air   ####......   41%         6
 Cause Fear               Hex            ##........   45%         4
 Alistair's Intoxication  Tmut/Pois      ##.......    77%         5
 Invisibility             Hex            ##......     100%        6
 Ignition                 Fire           ######....   95%         8


Dungeon Overview and Level Annotations

Branches:
Dungeon (14/15)            Temple (1/1) D:7            Lair (6/6) D:9
 Shoals (0/4) Lair:2        Snake (0/4) Lair:4        Slime (0/5) Lair:6
    Orc (0/2) D:12         Vaults (0/5) D:13

Altars:
Ashenzari
Cheibriados
Dithmenos
Elyvilon
Fedhas
Gozag
Hepliaklqana
Kikubaaqudgha
Makhleb
Nemelex Xobeh
Okawaru
Qazlal
Ru
Sif Muna
Trog
Uskayaw
Vehumet
Wu Jian
Xom
Yredelemnul
Zin
The Shining One

Shops:
D:6 }}:   D:12 [   D:13 ?


Innate Abilities, Weirdness & Mutations

You are resistant to torment.
Your stone body is resilient. (AC +10)
You are immune to poison.
Your large and strong wings let you fly indefinitely.
You resist negative energy. (rN+)
You are resistant to electric shocks. (rElec)
You can survive without breathing.
You are immune to petrification.
You are immune to rotting.
Your mind is acute. (Int +2)
Armour fits poorly on your strangely shaped body.


Message History

The wolf barely misses you.
A blink frog comes into view.
The six-headed hydra bites you.
The six-headed hydra bites you but does no damage. x2
The six-headed hydra bites you!
The six-headed hydra bites you but does no damage.
The six-headed hydra barely misses you.
A blink frog comes into view.
The death yak gores you!
* * * LOW HITPOINT WARNING * * *
The seven-headed hydra bites you but does no damage.
The seven-headed hydra misses you.
The seven-headed hydra closely misses you.
The seven-headed hydra bites you but does no damage.
The seven-headed hydra bites you!
* * * LOW HITPOINT WARNING * * *
The seven-headed hydra bites you.
* * * LOW HITPOINT WARNING * * *
The seven-headed hydra bites you!
You die...

*,,,*,,,,,,,,,,,,** ************,
**,,**,.......?...#### ****,,
**,,**,..F.?.(.......###****,,,,,
*,,,,,,,..#.............,,,,,,,,,
**,,,*,,,#..............,,,,,,,,,
,,,,*Y,,,#..............,,,,,,,,,
,*,,,...,,#..h.lYY......,,,,,,,,,
*,,,,....P#..YYhYDF....(,,,,,,,,,
,*,,,...$F..Y.hY@Yh.....,,,,,,,,,
*,,,,.#.....P.hYYD......,,,,,,,,,
,*,,,*##.##P#...........,,,,*,,,*
,,,,,* #**###...........,,,,,,,,*
,,,,** #..##.......,,,,,,,,,
***** #..#*#......,,,,,,,<, #..#
*...###,,,**,,,* #### *####
**,,***,** **** ***


You could see 10 death yaks, a seven-headed hydra (inner flame), a six-headed
hydra (inner flame), a polar bear (inner flame), a komodo dragon (inner flame),
a cane toad (inner flame), 2 blink frogs and 4 wolves.

Vanquished Creatures
  A sphinx (D:12)
  A dire elephant (Lair:5)
  A yaktaur captain (D:12)
  A vault guard (D:13)
  5 hydras
  A catoblepas (D:13)
  6 two-headed ogres
  3 death yaks (Lair:4)
  3 tengu warriors
  2 unseen horrors (D:14)
  A deep elf mage (D:12)
  2 cyclopes
  3 manticores
  An oklob plant (Lair:2)
  3 ugly things (D:14)
  A centaur zombie (D:14)
  20 elephants
  6 black mambas
  Psyche (D:11)
  A torpor snail (Lair:5)
  6 cane toads
  3 gargoyles
  A yaktaur (D:14)
  A redback zombie (D:14)
  A rime drake (Lair:5)
  5 komodo dragons
  A tengu conjurer (D:13)
  3 trolls (D:13)
  3 meliai (D:14)
  A merfolk (D:14)
  Prince Ribbit (D:8)
  7 dream sheep (Lair:5)
  7 blink frogs (Lair:5)
  A snapping turtle (Lair:2)
  A shadow (D:13)
  5 wyverns
  27 yaks
  Eustachio (D:4)
  A spriggan (D:14)
  2 vampires
  2 wraiths
  4 basilisks
  2 water elementals (D:12)
  Edmund (D:6)
  Menkaure (D:5)
  5 vampire mosquitoes (D:12)
  2 soldier ants
  17 water moccasins
  An ice beast (shapeshifter) (D:13)
  3 sky beasts
  4 orc warriors
  An eye of draining (D:14)
  4 ice beasts
  A necrophage (D:3)
  4 ogres
  5 black bears
  8 wolves
  3 phantoms
  10 centaurs
  5 big kobolds
  Blork the orc (D:5)
  16 bullfrogs
  A gnoll sergeant (D:6)
  5 scorpions
  25 killer bees
  6 wights
  4 howler monkeys
  9 electric eels
  5 bullfrog zombies
  A quasit (D:6)
  4 jellies
  7 hounds
  5 bullfrog skeletons
  3 orc priests
  2 gnoll shamans
  18 orc wizards
  3 centaur skeletons
  Natasha (thrice) (D:3)
  5 iguanas
  5 worker ants
  2 hound skeletons
  A worker ant zombie (D:7)
  14 gnolls
  2 howler monkey skeletons
  16 adders
  A shadow imp (D:8)
  6 white imps
  3 ufetubi
  2 oozes
  An adder zombie (D:8)
  2 worms (D:3)
  3 dart slugs
  3 leopard geckos
  49 orcs
  9 giant cockroaches
  10 hobgoblins
  13 jackals
  5 quokkas
  2 ball pythons
  6 bats
  6 frilled lizards
  9 goblins
  A jackal skeleton (D:9)
  29 kobolds
  8 rats
555 creatures vanquished.

Vanquished Creatures (others)
  A water elemental (D:12)
  43 fungi
  69 plants
113 creatures vanquished.

Grand Total: 668 creatures vanquished

Notes
Turn   | Place    | Note
-------+----------+-------------------------------------------
     0 | D:1      | Birvald the Gargoyle Earth Elementalist began the quest for
                  | the Orb.
     0 | D:1      | Reached XP level 1. HP: 10/10 MP: 3/3
   277 | D:1      | Reached skill level 4 in Earth Magic
   277 | D:1      | Reached XP level 2. HP: 8/15 MP: 0/5
   937 | D:1      | Reached XP level 3. HP: 10/19 MP: 3/6
  2191 | D:2      | Reached skill level 5 in Earth Magic
  2191 | D:2      | Reached XP level 4. HP: 23/24 MP: 3/8
  2196 | D:2      | Learned a level 3 spell: Stone Arrow
  2493 | D:2      | Reached XP level 5. HP: 28/28 MP: 10/10
  2505 | D:2      | Learned a level 5 spell: Lee's Rapid Deconstruction
  2568 | D:2      | Reached skill level 1 in Conjurations
  3423 | D:3      | Reached XP level 6. HP: 22/32 MP: 11/11
  3612 | D:3      | Found a glowing silver altar of Zin.
  3644 | D:3      | Noticed a necrophage
  3650 | D:3      | Killed a necrophage
  3650 | D:3      | Reached skill level 6 in Earth Magic
  3903 | D:3      | Noticed Natasha
  3907 | D:3      | Killed Natasha
  4223 | D:3      | Noticed Natasha
  4230 | D:3      | Killed Natasha
  4265 | D:3      | Noticed Natasha
  4275 | D:3      | Killed Natasha
  4275 | D:3      | Reached XP level 7. HP: 20/36 MP: 5/13
  4526 | D:4      | Found a bloodstained altar of Trog.
  4735 | D:4      | Noticed Eustachio
  4750 | D:4      | Killed Eustachio
  5057 | D:5      | Entered Level 5 of the Dungeon
  5094 | D:5      | Reached skill level 7 in Earth Magic
  5183 | D:5      | Reached skill level 5 in Spellcasting
  5275 | D:5      | Noticed Menkaure
  5278 | D:5      | Killed Menkaure
  5278 | D:5      | Reached XP level 8. HP: 41/41 MP: 5/15
  5381 | D:5      | Got a shimmering cloak
  5392 | D:5      | Identified the +0 cloak "Dusaw" {rCorr Str+4} (You found it
                  | on level 5 of the Dungeon)
  5521 | D:5      | Found an ornate altar of the Wu Jian Council.
  5699 | D:5      | Reached skill level 5 in Conjurations
  5801 | D:5      | Noticed Blork the orc
  5812 | D:5      | Killed Blork the orc
  6213 | D:6      | Reached skill level 8 in Earth Magic
  6222 | D:6      | Noticed Edmund
  6247 | D:6      | Killed Edmund
  6507 | D:6      | Found Toafah's Book Boutique.
  6934 | D:6      | Found an iron altar of Okawaru.
  7014 | D:6      | Found Osmoilac's Gadget Boutique.
  7044 | D:6      | Found Emoesch's Gadget Emporium.
  7158 | D:7      | Reached XP level 9. HP: 43/45 MP: 18/18
  7256 | D:7      | Reached skill level 9 in Earth Magic
  7828 | D:7      | Found a shadowy altar of Dithmenos.
  8211 | D:7      | Reached skill level 1 in Armour
  8266 | D:7      | Reached skill level 1 in Fighting
  8266 | D:7      | Reached skill level 1 in Unarmed Combat
  8304 | D:7      | Found a hazy altar of Hepliaklqana.
  8371 | D:7      | Reached skill level 1 in Evocations
  8444 | D:7      | Found a staircase to the Ecumenical Temple.
  8457 | Temple   | Entered the Ecumenical Temple
  8536 | Temple   | Became a worshipper of Vehumet
  8919 | D:8      | Reached XP level 10. HP: 34/53 MP: 1/20
  9205 | D:8      | Noticed Prince Ribbit
  9284 | D:8      | Found a shimmering blue altar of Sif Muna.
  9630 | D:8      | Killed Prince Ribbit
  9712 | D:8      | Found a burning altar of Makhleb.
  9921 | D:9      | Reached skill level 10 in Earth Magic
 10308 | D:9      | Reached * piety under Vehumet
 10308 | D:9      | Offered knowledge of Foxfire by Vehumet.
 10526 | D:9      | You fall into a shaft and drop 1 floor!
 10526 | D:10     | Entered Level 10 of the Dungeon
 10692 | D:9      | Found a staircase to the Lair.
 11456 | D:10     | Noticed a gargoyle
 11461 | D:10     | Killed a gargoyle
 12085 | D:11     | Noticed Psyche
 12089 | D:11     | Killed Psyche
 12374 | D:11     | Reached XP level 11. HP: 52/61 MP: 20/22
 12454 | D:11     | Noticed a cyclops
 12481 | D:11     | Reached ** piety under Vehumet
 12481 | D:11     | Offered knowledge of Magic Dart by Vehumet.
 12482 | D:11     | Killed a cyclops
 13110 | D:12     | Noticed a two-headed ogre
 13117 | D:12     | Offered knowledge of Mephitic Cloud by Vehumet.
 13119 | D:12     | Killed a two-headed ogre
 13119 | D:12     | Reached skill level 5 in Fighting
 13250 | D:12     | Noticed a cyclops
 13262 | D:12     | Noticed a two-headed ogre
 13270 | D:12     | Killed a cyclops
 13273 | D:12     | Killed a two-headed ogre
 13273 | D:12     | Noticed a sphinx
 13279 | D:12     | Noticed a two-headed ogre
 13620 | D:12     | Noticed a tengu warrior
 13640 | D:12     | Killed a tengu warrior
 13640 | D:12     | Reached skill level 5 in Armour
 13640 | D:12     | Reached skill level 11 in Earth Magic
 13642 | D:12     | Reached *** piety under Vehumet
 13664 | D:12     | Paralysed by a sphinx for 4 turns
 13947 | D:12     | Killed a sphinx
 14072 | D:12     | Noticed a deep elf mage
 14073 | D:12     | Paralysed by a deep elf mage for 4 turns
 14078 | D:12     | Killed a deep elf mage
 14078 | D:12     | Reached skill level 5 in Unarmed Combat
 14078 | D:12     | Reached XP level 12. HP: 55/69 MP: 18/24
 14126 | D:12     | Noticed a yaktaur captain
 14164 | D:12     | Killed a yaktaur captain
 14345 | D:12     | Killed a two-headed ogre
 14446 | D:12     | Noticed a two-headed ogre
 14476 | D:12     | Killed a two-headed ogre
 14616 | D:12     | Found Jaafeeqi's Antique Armour Shop.
 14648 | D:12     | Offered knowledge of Sticky Flame by Vehumet.
 14740 | D:12     | Reached skill level 5 in Evocations
 15008 | D:12     | Found a staircase to the Orcish Mines.
 15591 | D:13     | Found Sadwup's Magic Scroll Boutique.
 15820 | D:6      | Bought a book of Fire for 650 gold pieces
 15826 | D:6      | Learned a level 5 spell: Fireball
 16397 | D:13     | Reached skill level 1 in Fire Magic
 16421 | D:13     | Reached **** piety under Vehumet
 16546 | D:13     | Reached skill level 5 in Dodging
 16676 | D:13     | Noticed a two-headed ogre
 16681 | D:13     | Killed a two-headed ogre
 16988 | D:13     | Noticed a tengu warrior
 16988 | D:13     | Noticed a catoblepas
 16993 | D:13     | Killed a tengu warrior
 17001 | D:13     | Killed a catoblepas
 17495 | D:13     | Offered knowledge of Irradiate by Vehumet.
 17787 | D:13     | Learned a level 5 spell: Irradiate
 17800 | D:13     | Found a gate to the Vaults.
 17800 | D:13     | Noticed a vault guard
 17810 | D:13     | Killed a vault guard
 17810 | D:13     | Reached XP level 13. HP: 38/76 MP: 0/26
 18191 | D:14     | Reached skill level 12 in Earth Magic
 18595 | D:14     | Reached skill level 10 in Conjurations
 18607 | D:14     | Reached ***** piety under Vehumet
 18880 | D:14     | Offered knowledge of Ozocubu's Refrigeration by Vehumet.
 19222 | D:14     | Reached skill level 5 in Fire Magic
 20088 | Lair:1   | Entered Level 1 of the Lair of Beasts
 21491 | Lair:2   | Found a glowing silver altar of Zin.
 21907 | Lair:2   | Found a staircase to the Shoals.
 22775 | Lair:3   | Gained mutation: Armour fits poorly on your strangely
                  | shaped body. [potion of mutation]
 22775 | Lair:3   | Gained mutation: Your mind is acute. (Int +2) [potion of
                  | mutation]
 23064 | Lair:3   | Gained mutation: Your large and strong wings let you fly
                  | indefinitely. [Gargoyle growth]
 23064 | Lair:3   | Reached XP level 14. HP: 51/84 MP: 27/27
 23516 | Lair:4   | HP: 1/84 [elephant (4)]
 24089 | Lair:4   | Offered knowledge of Orb of Destruction by Vehumet.
 24311 | Lair:4   | Found a staircase to the Snake Pit.
 24335 | Lair:4   | Got an ominously black robe
 24346 | Lair:4   | Identified the cursed +0 robe of Forhoggu {rC++ MR+} (You
                  | found it on level 4 of the Lair of Beasts)
 25570 | Lair:5   | Noticed a dire elephant
 25584 | Lair:5   | Killed a dire elephant
 25958 | Lair:5   | Reached skill level 10 in Spellcasting
 25986 | Lair:5   | Learned a level 7 spell: Orb of Destruction
 26076 | Lair:5   | Reached skill level 13 in Earth Magic
 27145 | Lair:6   | Entered Level 6 of the Lair of Beasts
 27155 | Lair:6   | Mangled by a seven-headed hydra

Illustrated notes

Levels and vault maps discovered:
D:1:      kennysheep_arrival_seaside, layout_basic, minmay_quantized
D:2:      layout_basic
D:3:      layout_basic, zin_statuary, chequers_serial_rivers_micro_b,
          uniq_natasha
D:4:      minmay_general_purpose_star, layout_basic, bloody_trog, uniq_eustachio
D:5:      layout_basic, kennysheep_mini, uniq_menkaure, uniq_blork_the_orc
D:6:      layout_rooms, lemuel_doored_altar, serial_shops,
          kennysheep_little_box, shop, nicolae_shop_trees, uniq_edmund
D:7:      layout_gridville, lemuel_round_altar, nicolae_dithmenos_the_darkroom,
          minmay_temple_entry_nine_rooms, grunt_decor_cap
D:8:      layout_basic, kennysheep_mini_moat, led_sif_pool, uniq_prince_ribbit1
D:9:      layout_loops_corners, grunt_lair_entry_orc_guard_hut
D:10:     layout_gridville
D:11:     layout_cross, uniq_psyche
D:12:     minmay_containers, layout_basic, serial_shops, shop
D:13:     layout_cave_pods, david_vaults_5, serial_shops, shop
D:14:     layout_cave_pools, hangedman_stone_soup
Temple:   eino_temple_water
Lair:1:   layout_big_grid, grunt_megastairs_2, infiniplex_staircase_pool_2,
          serial_bayou_shore_a
Lair:2:   layout_concentric_octagons, minmay_shoals_entry_hut, basic_altar
Lair:3:   layout_cave_shapes
Lair:4:   layout_regular_city, minmay_snake_entry_six_corridors
Lair:5:   beast_lair_carwin_large_4, layout_regular_city,
          kennysheep_catoblepas_arena
Lair:6:   cheibrodos_lair_end_hotspot, layout_cave_shapes,
          minmay_slime_entry_jelly_boxes, portal_ice_cave_demonic_guard

Skill      XL: |  1  2  3  4  5  6  7  8  9 10 11 12 13 14 |
---------------+-------------------------------------------+-----
Earth Magic    | 4 5 6 7 8 9 10 11 12 13 | 13.0
Spellcasting   | 3 4 5 6 7 8 9 10 | 10.1
Conjurations   | 2 3 4 6 7 8 9 10 11 | 11.1
Armour         | 2 3 5 6 |  6.0
Fighting       | 2 4 5 6 8 9 |  9.0
Unarmed Combat | 2 3 5 6 7 8 |  8.0
Evocations     | 1 3 4 5 6 7 |  7.0
Dodging        | 2 3 4 5 6 |  6.8
Fire Magic     | 3 6 8 |  8.0
Maces & Flails | |  0.2
Stealth        | |  2.1
Transmutations | |  0.7

Action                   |  1- 3 |  4- 6 |  7- 9 | 10-12 | 13-15 || total
-------------------------+-------+-------+-------+-------+-------++-------
Melee: Club              |   124 |     5 |       |       |       ||   129
       Unarmed           |    11 |       |       |       |     8 ||    19
       Mace              |       |    20 |       |       |       ||    20
       Whip              |       |   102 |   320 |   527 |   440 ||  1389
       Punch             |       |       |       |     7 |    22 ||    29
 Cast: Sandblast         |    24 |    12 |    36 |    36 |    42 ||   150
       Lee's Rapid Decon |       |     1 |     6 |    26 |    29 ||    62
       Stone Arrow       |       |     1 |     3 |   107 |    90 ||   201
       Fireball          |       |       |       |     2 |    23 ||    25
       Irradiate         |       |       |       |     2 |    27 ||    29
 Abil: Fly               |       |       |       |       |     1 ||     1
Evoke: Wand              |       |       |       |    11 |     1 ||    12
       Condenser vane    |       |       |       |       |     2 ||     2
  Use: Scroll            |       |    10 |     6 |    10 |    18 ||    44
       Potion            |       |       |     1 |    10 |     5 ||    16
 Stab: Sleeping          |     4 |     3 |     2 |     4 |     2 ||    15
Armor: Robe              |    61 |    52 |   169 |   261 |   321 ||   864
Dodge: Dodged            |   148 |   102 |   252 |   711 |   613 ||  1826

Table legend: (Time is in decaauts)
 A = Elapsed time spent in this place.
 B = Non-inter-level travel time spent in this place.
 C = Inter-level travel time spent in this place.
 D = Time resting spent in this place.
 E = Time spent auto-exploring this place.
 F = Levels seen in this place.
 G = Mean time per level.
                   A        B        C        D        E       F      G
               +--------+--------+--------+--------+--------+-----+--------+
         Total |  27422 |  26332 |   1090 |   7668 |  14094 |  21 | 1305.8 |
       Dungeon |  20196 |  19267 |    929 |   5901 |   9890 |  14 | 1442.6 |
        Temple |     98 |     79 |     19 |      0 |     67 |   1 |   98.0 |
          Lair |   7127 |   6986 |    141 |   1767 |   4136 |   6 | 1187.8 |
               +--------+--------+--------+--------+--------+-----+--------+

Top non-repeatable levels by time:
    D:13: 2719 daAuts
    D:12: 2456 daAuts
     D:1: 2201 daAuts
  Lair:5: 2094 daAuts
     D:7: 1534 daAuts
  Lair:1: 1415 daAuts
  Lair:4: 1354 daAuts
     D:9: 1323 daAuts
     D:5: 1285 daAuts
    D:14: 1274 daAuts
    D:11: 1237 daAuts
    D:10: 1208 daAuts
  Lair:3: 1199 daAuts
     D:8: 1188 daAuts
     D:3: 1168 daAuts
